 Dungeon Crawl Stone Soup version 0.28-a0-474-g535839065c (webtiles) character file.

Game seed: 15543835698240430261

0 spiderkeys the Skirmisher (level 1, -24/16 HPs)
             Began as an Octopode Abyssal Knight on Sept 15, 2021.
             Was a Follower of Lugonu.
             Killed from afar by an ice dragon (40 damage)
             ... with a blast of cold
             ... on level 3 of the Abyss.
             The game lasted 00:00:30 (123 turns).

spiderkeys the Skirmisher (Octopode Abyssal Knight)  Turns: 123, Time: 00:00:31

Health: -24/16     AC:  1    Str: 11    XL:     1   Next: 0%
Magic:  2/2        EV: 13    Int: 14    God:    Lugonu [*.....]
Gold:   30         SH:  0    Dex: 11    Spells: 0/0 levels left

rFire   . . .      SeeInvis .   a - +1 spear
rCold   . . .      Faith    .   (no shield)
rNeg    . . .      Spirit   .   (helmet restricted)
rPois   .          Reflect  .   (no amulet)
rElec   .          Harm     .   (no ring)
rCorr   .          Rampage  .   (no ring)
Will    .....                   (no ring)
Stlth   ++........              (no ring)
HPRegen 0.05/turn               (no ring)
MPRegen 0.08/turn               (no ring)
                                (no ring)
                                (no ring)

@: no status effects
A: almost no armour, amphibious, 8 rings, camouflage 1, gelatinous body 1,
(nimble swimmer 1), tentacles
a: Renounce Religion, Depart the Abyss


You were on level 3 of the Abyss.
You worshipped Lugonu.
Lugonu was aware of your devotion.
You visited 0 branches of the dungeon, and saw 0 of its levels.
You visited the Abyss 1 time.

You collected 30 gold pieces.


Innate Abilities, Weirdness & Mutations

You cannot wear most types of armour.
You are amphibious.
You can wear up to eight rings at the same time.
Your skin changes colour to match your surroundings (Stealth+).
Your rubbery body absorbs attacks. (AC +1, EV +1)
((You are camouflaged near water. (Stealth+)))
You have tentacles for arms and can constrict up to eight enemies at once.


   Skills:
 + Level 3.0 Fighting
 + Level 2.0 Polearms
 + Level 2.3 Dodging
 + Level 2.0 Invocations


You couldn't memorise any spells.
You didn't know any spells.
Your spell library was empty.

Inventory:

Hand Weapons
 a - a +1 spear (weapon)
Wands
 c - a wand of digging (6)
   (You found it on level 3 of the Abyss)
Scrolls
 b - a scroll of blinking {unknown}

Dungeon Overview and Level Annotations

Branches:
Dungeon (0/15)

Altars:

..# . ##... .## .#
.#.. ##.. #.# #...#...
#.## #...∩.. ....
##''#.. #...
##4..'b##.#.#
#§§{.'@..##.####
#§§.§§##.#...#..####
§§§§§###........ ..#.
.§§.##............ ..
§OD##.#...............
.. #.#................
. #.#................
#....................
..#.##......#.........


You could see an ice dragon (fast, slow, catching breath), an ogre mage (agile,
petrifying), a chaos spawn (wandering, petrified) and a fire bat (fast, strong,
agile, slow).


Message History

🤖 Initializing magus.rc ...
Options error: Delay interrupt name "hungry" not recognised. (~/.crawlrc:4988) ✅ Successfully initialized magus.rc [v1.9.10] Welcome, spiderkeys the Octopode Abyssal Knight.
The bosom of this dungeon contains the fabulous artefact, the Orb of Zot.
Lugonu says: Depart the Abyss and spread corruption, my servant! (use the ability menu to exit the Abyss) Press ? for a list of commands and other information.
Found a corrupted altar of Lugonu.
A catoblepas comes into view.
b - a scroll labelled CUAJAE TEZABO
Found a corrupted altar of Lugonu.
There is a corrupted altar of Lugonu here.
Found a gateway leading deeper into the Abyss.
A ynoxinul comes into view.
The ynoxinul bellows!
There is a gateway leading deeper into the Abyss here.
The large abomination completely misses you.
You plunge deeper into the Abyss.
Found a gateway leading deeper into the Abyss.
There is a gateway leading deeper into the Abyss here.
Found a gateway leading deeper into the Abyss.
A neqoxec comes into view.
There is a gateway leading deeper into the Abyss here.
You plunge deeper into the Abyss.
The abyssal rune of Zot can be found at this depth.
c - a wand of digging (6)
You now have 8 gold pieces.
You now have 30 gold pieces (gained 22).
A fire bat comes into view.
You open the large door.
An ice dragon, an ogre mage and a chaos spawn come into view.
You hear a loud, deep croak!
The ice dragon roars deafeningly!
You hear a shout!
The ogre mage shouts!
You hear a shout!
Something completely misses you. The ice dragon breathes frost at you.
The blast of cold hits something!!!!
The blast of cold hits you!!!
Ouch! That really hurt!
You die...

Action                   || total
-------------------------++-------
Dodge: Dodged            ||     2

Levels and vault maps discovered:
Abyss:3:  base: Temple, due_evilmike_abyss_rune_seething_liches,
          evilmike_abyss_exit_12

Notes
Turn   | Place    | Note
-------+----------+-------------------------------------------
     0 | Abyss:1  | spiderkeys the Octopode Abyssal Knight began the quest for
                  | the Orb.
     0 | Abyss:1  | Reached XP level 1. HP: 16/16 MP: 2/2
     0 | Abyss:1  | magus.rc [v1.9.10]
     6 | Abyss:1  | Noticed a catoblepas
    26 | Abyss:1  | Found a corrupted altar of Lugonu.
    31 | Abyss:1  | Noticed a rakshasa
    31 | Abyss:1  | Noticed a wretched star
    31 | Abyss:1  | Noticed a large abomination
    56 | Abyss:1  | Noticed a ynoxinul
    87 | Abyss:2  | Noticed a large abomination
    94 | Abyss:2  | Noticed a neqoxec
   108 | Abyss:3  | Killed a fire bat
   122 | Abyss:3  | Noticed a fire bat
   123 | Abyss:3  | Noticed a chaos spawn
   123 | Abyss:3  | Noticed an ice dragon
   123 | Abyss:3  | Noticed an ogre mage
   123 | Abyss:3  | Killed a fire bat
   123 | Abyss:3  | Killed from afar by an ice dragon

Vanquished Creatures (others)
  2 fire bats (Abyss:3)
2 creatures vanquished.

Table legend:
 A = Non-vault XP
 B = Vault XP
 C = Vault XP percentage of total XP
 D = Non-vault monster count
 E = Vault monster count
 F = Vault count percentage of total count
                 A         B        C        D         E       F
            +---------+---------+-------+---------+---------+-------
      Total |       0 |       0 |   N/A |       0 |       0 |  -nan
            +---------+---------+-------+---------+---------+-------
            +---------+---------+-------+---------+---------+-------

Illustrated notes

Table legend: (Time is in decaauts)
 A = Elapsed time spent in this place.
 B = Non-inter-level travel time spent in this place.
 C = Inter-level travel time spent in this place.
 D = Time resting spent in this place.
 E = Time spent auto-exploring this place.
 F = Levels seen in this place.
 G = Mean time per level.
                   A        B        C        D        E       F      G
               +--------+--------+--------+--------+--------+-----+--------+
         Total |    122 |    122 |      0 |      0 |      6 |   3 |   40.7 |
         Abyss |    122 |    122 |      0 |      0 |      6 |   3 |   40.7 |
               +--------+--------+--------+--------+--------+-----+--------+

Top non-repeatable levels by time:
 Abyss:1: 58 daAuts
 Abyss:2: 39 daAuts
 Abyss:3: 24 daAuts
